| TOP OF THE 1ST |
|
Jamestown Falcons batting - Pitching for Williamsport Greys : RHP Glenn Barling
|
|
Pitching: RHP Glenn Barling
|
|
|
Batting: RHB Nelson Rood
|
0-0: Ball 1-0: Ball 2-0: Ball 3-0: Base on Balls
|
|
Batting: LHB Jack Shuffield
|
0-0: Ball 1-0: Ball 2-0: Called Strike 2-1: Fielders Choice at 2nd, 3-6 (Groundball, 3S, EV 91.9 MPH)
|
|
Batting: LHB Jack Howell
|
0-0: Swinging Strike 0-1: Called Strike 0-2: Strikes out swinging
|
|
Batting: LHB Mark Meleski
|
0-0: Foul Ball, location: 2F 0-1: Ball 1-1: Swinging Strike 1-2: Ball 2-2: Strikes out swinging
|
| Top of the 1st over - 0 runs, 0 hits, 0 errors, 1 left on base; Jamestown 0 - Williamsport 0 |
| BOTTOM OF THE 1ST |
|
Williamsport Greys batting - Pitching for Jamestown Falcons : LHP David West
|
|
Pitching: LHP David West
|
|
|
Batting: RHB Doug Carpenter
|
0-0: Ball 1-0: Ball 2-0: Called Strike 2-1: Foul Ball, location: 2F 2-2: Strikes out swinging
|
|
Batting: SHB Chris Howard
|
0-0: Called Strike 0-1: Ball 1-1: Ball 2-1: Foul Ball, location: 2F 2-2: Ball 3-2: Foul Ball, location: 2F 3-2: Foul Ball, location: 2F 3-2: Base on Balls
|
|
Batting: RHB Omar Garcia
|
0-0: Ball 1-0: Foul Ball, location: 2F 1-1: Swinging Strike 1-2: Grounds into double play, 6-4-3 (Groundball, 56, EV 85.6 MPH)
|
| Bottom of the 1st over - 0 runs, 0 hits, 0 errors, 0 left on base; Jamestown 0 - Williamsport 0 |
| TOP OF THE 2ND |
|
Jamestown Falcons batting - Pitching for Williamsport Greys : RHP Glenn Barling
|
|
Batting: RHB Ronald Arnold
|
0-0: Ball 1-0: Foul Ball, location: 2F 1-1: Ball 2-1: Ball 3-1: Fly out, F9 (Flyball, 9, EV 88.8 MPH)
|
|
Batting: LHB Darren Riley
|
0-0: Ball 1-0: Ball 2-0: Called Strike 2-1: Called Strike 2-2: Ball 3-2: Foul Ball, location: 2F 3-2: Foul Ball, location: 2F 3-2: Strikes out swinging
|
|
Batting: RHB Ed Brennan
|
0-0: Ball 1-0: SINGLE (Flyball, 3D, EV 88.8 MPH)
|
|
Batting: RHB Herman Cunningham
|
0-0: Swinging Strike 0-1: Ball 1-1: TRIPLE (Flyball, 78XD, EV 110.0 MPH) Ed Brennan scores
|
|
Batting: RHB Joe Oliver
|
0-0: Called Strike 0-1: Fly out, F9 (Flyball, 9S, EV 96.3 MPH)
|
| Top of the 2nd over - 1 run, 2 hits, 0 errors, 1 left on base; Jamestown 1 - Williamsport 0 |
| BOTTOM OF THE 2ND |
|
Williamsport Greys batting - Pitching for Jamestown Falcons : LHP David West
|
|
Batting: RHB Eddie Williams
|
0-0: Ball 1-0: Foul Ball, location: 2F 1-1: Foul Ball, location: 2F 1-2: SINGLE (Line Drive, 89S, EV 100.6 MPH)
|
|
Batting: RHB Brad Luther
|
0-0: Foul Ball, location: 2F 0-1: Foul Ball, location: 2F 0-2: SINGLE (Groundball, 56D, EV 97.5 MPH) Eddie Williams to second
|
|
Batting: SHB Edwin Darling
|
0-0: Foul Ball, location: 2F 0-1: Foul Ball, location: 2F 0-2: Ball 1-2: Fly out, F7 (Flyball, 7D, EV 88.1 MPH)
|
|
Batting: LHB Bobby Buchanon
|
0-0: Ball 1-0: Called Strike 1-1: Ball 2-1: Ball 3-1: Base on Balls Eddie Williams to third Brad Luther to second
|
|
Batting: RHB Samuel Dotson
|
0-0: Ball 1-0: Ball 2-0: Ball 3-0: Called Strike 3-1: Base on Balls Eddie Williams scores Brad Luther to third Bobby Buchanon to second
|
|
Batting: RHB Alonzo Powell
|
0-0: Called Strike 0-1: Ball 1-1: Ball 2-1: Called Strike 2-2: Ball 3-2: Strikes out swinging
|
|
Batting: RHB Doug Carpenter
|
0-0: Ball 1-0: Called Strike 1-1: Ball 2-1: Swinging Strike 2-2: Foul Ball, location: 2F 2-2: Ball 3-2: Fly out, F3 (Popup, 3SF, EV 83.8 MPH)
|
| Bottom of the 2nd over - 1 run, 2 hits, 0 errors, 3 left on base; Jamestown 1 - Williamsport 1 |
| TOP OF THE 3RD |
|
Jamestown Falcons batting - Pitching for Williamsport Greys : RHP Glenn Barling
|
|
Batting: RHB Nelson Rood
|
0-0: Swinging Strike 0-1: Ball 1-1: Ball 2-1: Foul Ball, location: 2F 2-2: Fly out, F3 (Popup, 34S, EV 71.9 MPH)
|
|
Batting: LHB Jack Shuffield
|
0-0: Swinging Strike 0-1: Ball 1-1: Ball 2-1: Ground out 5-3 (Groundball, 5, EV 84.4 MPH)
|
|
Batting: LHB Jack Howell
|
0-0: Called Strike 0-1: Foul Ball, location: 2F 0-2: Strikes out swinging
|
| Top of the 3rd over - 0 runs, 0 hits, 0 errors, 0 left on base; Jamestown 1 - Williamsport 1 |
| BOTTOM OF THE 3RD |
|
Williamsport Greys batting - Pitching for Jamestown Falcons : LHP David West
|
|
Batting: SHB Chris Howard
|
0-0: Bunted foul 0-1: Ball 1-1: Foul Ball, location: 2F 1-2: SINGLE (Groundball, 6MD, EV 94.4 MPH)
|
|
Batting: RHB Omar Garcia
|
0-0: Swinging Strike 0-1: Ball 1-1: Foul Ball, location: 2F 1-2: SINGLE (Groundball, 34D, EV 101.9 MPH) Chris Howard to second Runner from 2nd tries for 3rd, SAFE, throw by RF made to third
|
|
Batting: RHB Eddie Williams
|
0-0: Ball 1-0: Ball 2-0: Ball 3-0: Base on Balls Omar Garcia to second
|
|
Batting: RHB Brad Luther
|
0-0: Foul Ball, location: 2F 0-1: Ball 1-1: DOUBLE (Line Drive, 7LM, EV 115.0 MPH) Chris Howard scores Omar Garcia scores Eddie Williams to third Runner from 3rd tries for Home, SAFE, no throw by LF
|
|
Batting: SHB Edwin Darling
|
0-0: Called Strike 0-1: Foul Ball, location: 2F 0-2: Foul Ball, location: 2F 0-2: Ball 1-2: Ball 2-2: Foul Ball, location: 2F 2-2: Ball 3-2: Fly out, F8 (Flyball, 8LM, EV 83.8 MPH)
|
|
Batting: LHB Bobby Buchanon
|
0-0: Ball 1-0: Foul Ball, location: 2F 1-1: Called Strike 1-2: Foul Ball, location: 2F 1-2: Ball 2-2: Ball 3-2: SINGLE (Line Drive, 34, EV 98.1 MPH) Brad Luther to third
|
|
Pitching: RHP Francisco Oliveras
|
|
|
Batting: RHB Samuel Dotson
|
0-0: Ball 1-0: Called Strike 1-1: Foul Ball, location: 2F 1-2: Strikes out looking
|
|
Batting: RHB Alonzo Powell
|
0-0: Ball 1-0: Fly out, F9 (Line Drive, 9, EV 111.9 MPH)
|
| Bottom of the 3rd over - 3 runs, 4 hits, 0 errors, 2 left on base; Jamestown 1 - Williamsport 4 |
| TOP OF THE 4TH |
|
Jamestown Falcons batting - Pitching for Williamsport Greys : RHP Glenn Barling
|
|
Batting: LHB Mark Meleski
|
0-0: Ball 1-0: Called Strike 1-1: Ball 2-1: Foul Ball, location: 2F 2-2: Ball 3-2: Foul Ball, location: 2F 3-2: Ground out 5-3 (Groundball, 5, EV 106.9 MPH)
|
|
Batting: RHB Ronald Arnold
|
0-0: Ball 1-0: Called Strike 1-1: Swinging Strike 1-2: Ball 2-2: Foul Ball, location: 2F 2-2: Fly out, F8 (Flyball, 8LM, EV 85.0 MPH)
|
|
Batting: LHB Darren Riley
|
0-0: Swinging Strike 0-1: Ball 1-1: Ball 2-1: Foul Ball, location: 2F 2-2: Ball 3-2: Base on Balls
|
|
Batting: RHB Ed Brennan
|
0-0: Called Strike 0-1: Swinging Strike 0-2: SINGLE (Line Drive, 7S, EV 99.4 MPH) Darren Riley to second
|
|
Batting: RHB Herman Cunningham
|
0-0: Fly out, F8 (Flyball, 8RM, EV 93.1 MPH)
|
| Top of the 4th over - 0 runs, 1 hit, 0 errors, 2 left on base; Jamestown 1 - Williamsport 4 |
| BOTTOM OF THE 4TH |
|
Williamsport Greys batting - Pitching for Jamestown Falcons : RHP Francisco Oliveras
|
|
Batting: RHB Doug Carpenter
|
0-0: Called Strike 0-1: Ball 1-1: Foul Ball, location: 2F 1-2: Ball 2-2: Ground out 6-3 (Groundball, 6M, EV 83.1 MPH)
|
|
Batting: SHB Chris Howard
|
0-0: Ball 1-0: Called Strike 1-1: Ground out 6-3 (Groundball, 6, EV 80.0 MPH)
|
|
Batting: RHB Omar Garcia
|
0-0: Called Strike 0-1: Ball 1-1: Fly out, F8 (Line Drive, 8LD, EV 83.8 MPH)
|
| Bottom of the 4th over - 0 runs, 0 hits, 0 errors, 0 left on base; Jamestown 1 - Williamsport 4 |
| TOP OF THE 5TH |
|
Jamestown Falcons batting - Pitching for Williamsport Greys : RHP Glenn Barling
|
|
Batting: RHB Joe Oliver
|
0-0: Ball 1-0: Ball 2-0: SINGLE (Line Drive, 34D, EV 106.9 MPH)
|
|
Batting: RHB Nelson Rood
|
0-0: Ball 1-0: Ball 2-0: Called Strike 2-1: Ball 3-1: Base on Balls Joe Oliver to second
|
|
Batting: LHB Jack Shuffield
|
0-0: Called Strike 0-1: Fly out, F6 (Popup, 6MD, EV 53.8 MPH)
|
|
Batting: LHB Jack Howell
|
0-0: Called Strike 0-1: Ball 1-1: Fly out, F9 (Flyball, 9LM, EV 80.6 MPH) Runner from 2nd tags up, SAFE at 3rd, no throw by RF
|
|
Batting: LHB Mark Meleski
|
0-0: Foul Ball, location: 2F 0-1: Ball 1-1: Called Strike 1-2: Ball 2-2: Ball 3-2: Ground out 4-3 (Groundball, 34S, EV 65.6 MPH)
|
| Top of the 5th over - 0 runs, 1 hit, 0 errors, 2 left on base; Jamestown 1 - Williamsport 4 |
| BOTTOM OF THE 5TH |
|
Williamsport Greys batting - Pitching for Jamestown Falcons : RHP Francisco Oliveras
|
|
Batting: RHB Eddie Williams
|
0-0: SINGLE (Line Drive, 56, EV 95.6 MPH)
|
|
Batting: RHB Brad Luther
|
0-0: Ball 1-0: Grounds into double play, 6-4-3 (Groundball, 6, EV 88.1 MPH)
|
|
Batting: SHB Edwin Darling
|
0-0: Called Strike 0-1: Ground out 1-3 (Groundball, 34S, EV 65.6 MPH)
|
| Bottom of the 5th over - 0 runs, 1 hit, 0 errors, 0 left on base; Jamestown 1 - Williamsport 4 |
| TOP OF THE 6TH |
|
Jamestown Falcons batting - Pitching for Williamsport Greys : RHP Glenn Barling
|
|
Batting: RHB Ronald Arnold
|
0-0: Called Strike 0-1: Called Strike 0-2: Strikes out swinging
|
|
Batting: LHB Darren Riley
|
0-0: Called Strike 0-1: Called Strike 0-2: Strikes out looking
|
|
Batting: RHB Ed Brennan
|
0-0: Ball 1-0: Ball 2-0: Ball 3-0: Base on Balls
|
|
Batting: RHB Herman Cunningham
|
0-0: Ball 1-0: Ball 2-0: Foul Ball, location: 2F 2-1: Ball 3-1: Base on Balls Ed Brennan to second
|
|
Batting: RHB Joe Oliver
|
0-0: Ball 1-0: Ball 2-0: Fly out, F8 (Flyball, 78M, EV 93.1 MPH)
|
| Top of the 6th over - 0 runs, 0 hits, 0 errors, 2 left on base; Jamestown 1 - Williamsport 4 |
| BOTTOM OF THE 6TH |
|
Williamsport Greys batting - Pitching for Jamestown Falcons : RHP Francisco Oliveras
|
|
Batting: LHB Bobby Buchanon
|
0-0: Ball 1-0: Foul Ball, location: 2F 1-1: Ball 2-1: Ball 3-1: Ground out 4-3 (Groundball, 4, EV 82.5 MPH)
|
|
Batting: RHB Samuel Dotson
|
0-0: Ball 1-0: Ball 2-0: Ball 3-0: Base on Balls
|
|
Batting: RHB Alonzo Powell
|
0-0: Ball Wild Pitch! Samuel Dotson to second 1-0: Ball 2-0: Ball 3-0: Called Strike 3-1: Base on Balls
|
|
Batting: RHB Doug Carpenter
|
0-0: Called Strike 0-1: Fly out, F8 (Flyball, 8RD, EV 88.8 MPH)
|
|
Batting: SHB Chris Howard
|
0-0: Called Strike 0-1: Foul Ball, location: 2F 0-2: SINGLE (Groundball, 6MS, EV 64.4 MPH) (infield hit) Samuel Dotson to third Alonzo Powell to second
|
|
Batting: RHB Omar Garcia
|
0-0: Ball 1-0: Ball 2-0: Called Strike 2-1: Ball 3-1: Fly out, F7 (Flyball, 78M, EV 90.0 MPH)
|
| Bottom of the 6th over - 0 runs, 1 hit, 0 errors, 3 left on base; Jamestown 1 - Williamsport 4 |
| TOP OF THE 7TH |
|
Jamestown Falcons batting - Pitching for Williamsport Greys : RHP Glenn Barling
|
|
Batting: RHB Nelson Rood
|
0-0: Ball 1-0: Called Strike 1-1: Ball 2-1: Ball 3-1: Foul Ball, location: 2F 3-2: Base on Balls
|
|
Batting: LHB Jack Shuffield
|
0-0: Fly out, F8 (Line Drive, 8LM, EV 90.0 MPH)
|
|
Batting: LHB Jack Howell
|
0-0: Called Strike Nelson Rood steals 2nd base 0-1: Ball 1-1: Ball 2-1: Called Strike 2-2: Ball 3-2: Strikes out swinging
|
|
Batting: LHB Mark Meleski
|
0-0: Called Strike 0-1: Foul Ball, location: 2F 0-2: Ball Passed Ball! Nelson Rood to third 1-2: Foul Ball, location: 2F 1-2: Ball 2-2: Ball 3-2: Fly out, F8 (Flyball, 8LD, EV 86.3 MPH)
|
| Top of the 7th over - 0 runs, 0 hits, 0 errors, 1 left on base; Jamestown 1 - Williamsport 4 |
| BOTTOM OF THE 7TH |
|
Williamsport Greys batting - Pitching for Jamestown Falcons : RHP Francisco Oliveras
|
|
Batting: RHB Eddie Williams
|
0-0: Called Strike 0-1: Fly out, F3 (Line Drive, 3, EV 66.9 MPH)
|
|
Batting: RHB Brad Luther
|
0-0: Ground out U3 (Groundball, 34S, EV 68.1 MPH)
|
|
Batting: SHB Edwin Darling
|
0-0: Ball 1-0: Ball 2-0: Ball 3-0: Called Strike 3-1: Called Strike 3-2: Foul Ball, location: 2F 3-2: DOUBLE (Line Drive, 9LM, EV 96.9 MPH)
|
|
Batting: LHB Bobby Buchanon
|
0-0: DOUBLE (Groundball, 5L, EV 94.4 MPH) Edwin Darling scores
|
|
Batting: RHB Samuel Dotson
|
0-0: Called Strike 0-1: Ball 1-1: Ball 2-1: Ball 3-1: Ground out 6-3 (Groundball, 6, EV 83.1 MPH)
|
| Bottom of the 7th over - 1 run, 2 hits, 0 errors, 1 left on base; Jamestown 1 - Williamsport 5 |
| TOP OF THE 8TH |
|
Jamestown Falcons batting - Pitching for Williamsport Greys : RHP Glenn Barling
|
|
Batting: RHB Ronald Arnold
|
0-0: Ball 1-0: Ball 2-0: Ground out 6-3 (Groundball, 6, EV 101.9 MPH)
|
|
Batting: LHB Darren Riley
|
0-0: Ball 1-0: Called Strike 1-1: Swinging Strike 1-2: Ball 2-2: Strikes out swinging
|
|
Batting: RHB Ed Brennan
|
0-0: Called Strike 0-1: Foul Ball, location: 2F 0-2: Ball 1-2: Strikes out swinging
|
| Top of the 8th over - 0 runs, 0 hits, 0 errors, 0 left on base; Jamestown 1 - Williamsport 5 |
| BOTTOM OF THE 8TH |
|
Williamsport Greys batting - Pitching for Jamestown Falcons : RHP Francisco Oliveras
|
|
Batting: RHB Alonzo Powell
|
0-0: Called Strike 0-1: Ground out U3 (Groundball, 3L, EV 84.4 MPH)
|
|
Batting: RHB Doug Carpenter
|
0-0: DOUBLE (Line Drive, 89D, EV 103.8 MPH)
|
|
Pitching: LHP Phil George
|
|
|
Batting: SHB Chris Howard
|
0-0: Ground out 6-3 (Groundball, 6, EV 80.6 MPH) Doug Carpenter to third
|
|
Batting: RHB Omar Garcia
|
0-0: Called Strike 0-1: Swinging Strike 0-2: Ground out U3 (Groundball, 34, EV 88.1 MPH)
|
| Bottom of the 8th over - 0 runs, 1 hit, 0 errors, 1 left on base; Jamestown 1 - Williamsport 5 |
| TOP OF THE 9TH |
|
Jamestown Falcons batting - Pitching for Williamsport Greys : RHP Glenn Barling
|
|
Batting: RHB Herman Cunningham
|
0-0: Called Strike 0-1: Foul Ball, location: 2F 0-2: Foul Ball, location: 2F 0-2: Ball 1-2: Strikes out swinging
|
|
Batting: RHB Joe Oliver
|
0-0: Called Strike 0-1: Ball 1-1: Ground out 3-1 (Groundball, 34S, EV 81.3 MPH)
|
|
Batting: RHB Nelson Rood
|
0-0: Called Strike 0-1: Ball 1-1: Called Strike 1-2: Ball 2-2: Strikes out swinging
|
| Top of the 9th over - 0 runs, 0 hits, 0 errors, 0 left on base; Jamestown 1 - Williamsport 5 |
|